 Dungeon Crawl Stone Soup version 0.30.0 (webtiles) character file.

Game seed: 12747443098826466612

543 Illumine the Vexing (level 7, 0/52 HPs)
             Began as a Gnoll Hexslinger on May 5, 2023.
             Slain by an ogre
             ... wielding a +0 giant spiked club
              (8 damage)
             ... on level 5 of the Dungeon on May 6, 2023.
             The game lasted 00:08:49 (3705 turns).

Illumine the Vexing (Gnoll Hexslinger)              Turns: 3705, Time: 00:08:50

Health: 0/52       AC:  3    Str:  9    XL:     7   Next: 27%
Magic:  12/12      EV: 11    Int: 12    God:
Gold:   175        SH:  8    Dex: 15    Spells: 6/13 levels left

rFire   . . .        o - +0 dagger (venom)
rCold   . . .        l - +0 kite shield
rNeg    . . .        c - +0 robe
rPois   .            (no helmet)
rElec   .            (no cloak)
rCorr   .            (no gloves)
SInv    +            f - +0 pair of boots
Will    .....        (no amulet)
Stlth   ++           L - ring of flight
HPRegen 0.28/turn    v - ring of see invisible
MPRegen 0.13/turn

%: no passive effects
@: flying
A: fangs 1, strong nose, distributed training
a: no special abilities


You were on level 5 of the Dungeon.
You visited 1 branch of the dungeon, and saw 5 of its levels.

You collected 175 gold pieces.


Innate Abilities, Weirdness & Mutations

You have very sharp teeth.
Your uncanny sense of smell can sniff out nearby items.
Your experience applies equally to all skills.


   Skills:
 + Level 3.6 Fighting
 + Level 2.5 Short Blades
 + Level 2.5 Long Blades
 + Level 2.5 Axes
 + Level 2.5 Maces & Flails
 + Level 2.5 Polearms
 + Level 2.5 Staves
 + Level 5.2 Ranged Weapons
 + Level 2.5 Throwing
 + Level 2.5 Armour
 + Level 5.2 Dodging
 + Level 2.5 Stealth
 + Level 2.5 Shields
 + Level 2.5 Unarmed Combat
 + Level 3.8 Spellcasting
 + Level 2.0 Conjurations
 + Level 5.8 Hexes
 + Level 2.0 Summonings
 + Level 2.0 Necromancy
 + Level 2.0 Translocations
 + Level 2.0 Transmutations
 + Level 2.0 Fire Magic
 + Level 2.0 Ice Magic
 + Level 2.0 Air Magic
 + Level 2.0 Earth Magic
 + Level 2.0 Poison Magic
 + Level 2.7 Invocations
 + Level 2.5 Evocations


You had 6 spell levels left.
You knew the following spells:

 Your Spells              Type           Power      Damage    Failure   Level
f - Inner Flame           Hex/Fire       11%        N/A       58%         3
o - Portal Projectile     Hex/Tloc       22%        N/A       58%         3
s - Slow                  Hex            64%        N/A       11%         1

Your spell library contained the following spells:

 Spells                   Type           Power      Damage    Failure   Level
 Cause Fear               Hex            8%         N/A       73%         4

Inventory:

Hand Weapons
 a - a +1 sling
 i - a +0 broad axe
 n - a +0 falchion of holy wrath
 o - a +0 dagger of venom (weapon)
Armour
 c - a +0 robe (worn)
 f - a +0 pair of boots (worn)
 l - a +0 kite shield (worn)
Jewellery
 v - a ring of see invisible (right hand)
 L - a ring of flight (left hand)
 R - a ring of resist corrosion
Scrolls
 b - a scroll of poison
 h - a scroll of enchant weapon
 j - 2 scrolls of teleportation {@r2}
 k - a scroll of vulnerability
 r - a scroll of fear
 s - a scroll of brand weapon
Potions
 d - 2 potions of flight {unknown}
 q - a potion of curing {unknown}

Dungeon Overview and Level Annotations

Branches:
Dungeon (5/15)
 Temple: D:4-7

Altars:
Elyvilon
Hepliaklqana
Trog
Uskayaw

Annotations:
D:3 2 transporters, Lancus's ghost, amateur SpEE
D:5 Dowan; Duvessa

# .## ###. ## #.# #...###
.. #.# .##.....# ##.###.#
........#
##......#######..........
..........o...s..........
....._.ooo.o...........?.
.......O@##.### #...#.#
...⌠...e.# #.#...#.#
........## #.......)
._.....## #.#####..
....e.. #.. ##...## #Y.
#### #.# #.# #..


You could see Duvessa, an ogre, Dowan, a scorpion and 5 orcs.


Message History

The hound is almost dead.
The hound barely misses you. The hound bites you.
* * * LOW HITPOINT WARNING * * *
You miss the hound. You bite the hound, but do no damage.
The hound is almost dead.
You kill the hound!
You start resting.
An ice beast is nearby! 3 gnolls come into view.
Found a whip.
Found a hide-covered altar of Uskayaw.
The gnoll shouts!
The gnoll shouts! x2
You block the gnoll's attack.
You see here a hound corpse.
As you read the scroll of teleportation {@r2}, it crumbles to dust.
You feel strangely unstable. You block the gnoll's attack.
Your surroundings suddenly seem different.
Duvessa, Dowan, an ogre and 5 orcs come into view.
An orc is wielding a +1 hand axe of holy wrath.
Found a hazy altar of Hepliaklqana and a white marble altar of Elyvilon.
Duvessa shouts!
The orc shouts! x4; The ogre shouts!
The orc shouts!
The orc attacks as you move away! You block the orc's attack.
A scorpion comes into view.
The orc hits you with a +0 flail.
* * * LOW HITPOINT WARNING * * *
The orc hits you with a +0 flail.
* * * LOW HITPOINT WARNING * * *
Duvessa says, "Where magic fails, the sword succeeds!"
The ogre hits you with a +0 giant spiked club!
You die...

Skill      XL: |  1  2  3  4  5  6 |
---------------+-------------------+-----
Invocations    | 1 2 |  2.7
Short Blades   | 1 2 |  2.5
Long Blades    | 1 2 |  2.5
Axes           | 1 2 |  2.5
Maces & Flails | 1 2 |  2.5
Polearms       | 1 2 |  2.5
Staves         | 1 2 |  2.5
Throwing       | 1 2 |  2.5
Armour         | 1 2 |  2.5
Stealth        | 1 2 |  2.5
Shields        | 1 2 |  2.5
Unarmed Combat | 1 2 |  2.5
Evocations     | 1 2 |  2.5
Spellcasting   | 3 |  3.8
Conjurations   | 1 2 |  2.0
Summonings     | 1 2 |  2.0
Necromancy     | 1 2 |  2.0
Translocations | 1 2 |  2.0
Transmutations | 1 2 |  2.0
Fire Magic     | 1 2 |  2.0
Ice Magic      | 1 2 |  2.0
Air Magic      | 1 2 |  2.0
Earth Magic    | 1 2 |  2.0
Poison Magic   | 1 2 |  2.0
Fighting       | 3 |  3.6
Ranged Weapons | 5 |  5.2
Dodging        | 5 |  5.2
Hexes          | |  5.8

Action                     |  1- 3 |  4- 6 |  7- 9 || total
---------------------------+-------+-------+-------++-------
  Melee: Dagger            |       |    34 |    14 ||    48
         Bite              |       |     6 |     3 ||     9
         Broad axe         |       |       |     3 ||     3
   Fire: Sling             |   113 |   193 |       ||   306
   Cast: Slow              |    11 |    20 |     6 ||    37
    Use: Scroll            |       |    12 |     2 ||    14
         Potion            |       |     2 |       ||     2
   Stab: Invisible         |       |     1 |       ||     1
 Armour: Robe              |     9 |    24 |     6 ||    39
  Dodge: Dodged            |    24 |    59 |    10 ||    93
  Block: Kite shield       |       |    50 |    15 ||    65

Levels and vault maps discovered:
D:1:      lightli_arrival_boilingwater, layout_loops_cross
D:2:      layout_basic, st_stairs_6
D:3:      layout_loops_ring, trog_book, gammafunk_ghost_gnarly_gnolls
D:4:      layout_basic
D:5:      layout_loops_ring, eat_drink_and_be_merry_uskayaw,
          grunt_temple_overflow_open, uniq_duvessa

Notes
Turn   | Place    | Note
-------+----------+-------------------------------------------
     0 | D:1      | Illumine the Gnoll Hexslinger began the quest for the Orb.
     0 | D:1      | Reached XP level 1. HP: 17/17 MP: 4/4
   214 | D:1      | Reached XP level 2. HP: 23/23 MP: 5/5
   420 | D:1      | Reached XP level 3. HP: 26/28 MP: 7/7
   770 | D:2      | Learned a level 3 spell: Inner Flame
   774 | D:2      | Learned a level 3 spell: Portal Projectile
   843 | D:2      | Reached skill level 1 in Invocations
   856 | D:2      | Reached skill level 1 in Short Blades
   856 | D:2      | Reached skill level 1 in Long Blades
   856 | D:2      | Reached skill level 1 in Axes
   856 | D:2      | Reached skill level 1 in Maces & Flails
   856 | D:2      | Reached skill level 1 in Polearms
   856 | D:2      | Reached skill level 1 in Staves
   856 | D:2      | Reached skill level 1 in Throwing
   856 | D:2      | Reached skill level 1 in Armour
   856 | D:2      | Reached skill level 1 in Stealth
   856 | D:2      | Reached skill level 1 in Shields
   856 | D:2      | Reached skill level 1 in Unarmed Combat
   856 | D:2      | Reached skill level 1 in Evocations
   953 | D:2      | Reached XP level 4. HP: 34/34 MP: 8/8
  1199 | D:2      | Reached skill level 3 in Spellcasting
  1240 | D:2      | Reached skill level 1 in Conjurations
  1240 | D:2      | Reached skill level 1 in Summonings
  1240 | D:2      | Reached skill level 1 in Necromancy
  1240 | D:2      | Reached skill level 1 in Translocations
  1240 | D:2      | Reached skill level 1 in Transmutations
  1240 | D:2      | Reached skill level 1 in Fire Magic
  1240 | D:2      | Reached skill level 1 in Ice Magic
  1240 | D:2      | Reached skill level 1 in Air Magic
  1240 | D:2      | Reached skill level 1 in Earth Magic
  1240 | D:2      | Reached skill level 1 in Poison Magic
  1272 | D:2      | Identified the +7 long sword of the Heart {heavy, Will+
                  | Stlth+}
  1351 | D:2      | Upgraded the game from 0.30-b1-5-g8e6c1be to 0.30.0
  1515 | D:3      | Identified the +3 halberd of Ehoh {venom, Int+5}
  1568 | D:3      | Reached XP level 5. HP: 24/40 MP: 9/9
  1749 | D:3      | Found a transporter.
  1878 | D:3      | Reached skill level 3 in Fighting
  1960 | D:3      | Found a bloodstained altar of Trog.
  2349 | D:3      | Found a transporter.
  2383 | D:3      | Noticed Lancus's ghost (amateur SpEE)
  2617 | D:4      | Reached skill level 2 in Invocations
  2923 | D:4      | Reached XP level 6. HP: 45/47 MP: 11/11
  3041 | D:4      | Noticed an ice beast
  3053 | D:4      | Killed an ice beast
  3054 | D:4      | Reached skill level 2 in Short Blades
  3054 | D:4      | Reached skill level 2 in Long Blades
  3054 | D:4      | Reached skill level 2 in Axes
  3054 | D:4      | Reached skill level 2 in Maces & Flails
  3054 | D:4      | Reached skill level 2 in Polearms
  3054 | D:4      | Reached skill level 2 in Staves
  3054 | D:4      | Reached skill level 5 in Ranged Weapons
  3054 | D:4      | Reached skill level 2 in Throwing
  3054 | D:4      | Reached skill level 2 in Armour
  3054 | D:4      | Reached skill level 5 in Dodging
  3054 | D:4      | Reached skill level 2 in Stealth
  3054 | D:4      | Reached skill level 2 in Shields
  3054 | D:4      | Reached skill level 2 in Unarmed Combat
  3054 | D:4      | Reached skill level 2 in Evocations
  3227 | D:5      | Entered Level 5 of the Dungeon
  3454 | D:5      | Noticed an ice beast
  3614 | D:5      | Reached skill level 2 in Conjurations
  3614 | D:5      | Reached skill level 2 in Summonings
  3614 | D:5      | Reached skill level 2 in Necromancy
  3614 | D:5      | Reached skill level 2 in Translocations
  3614 | D:5      | Reached skill level 2 in Transmutations
  3614 | D:5      | Reached skill level 2 in Fire Magic
  3614 | D:5      | Reached skill level 2 in Ice Magic
  3614 | D:5      | Reached skill level 2 in Air Magic
  3614 | D:5      | Reached skill level 2 in Earth Magic
  3614 | D:5      | Reached skill level 2 in Poison Magic
  3614 | D:5      | Reached XP level 7. HP: 33/52 MP: 12/12
  3625 | D:5      | HP: 5/52 [ice beast (14)]
  3663 | D:5      | HP: 3/52 [hound (3)]
  3682 | D:5      | Found a hide-covered altar of Uskayaw.
  3704 | D:5      | Found a hazy altar of Hepliaklqana.
  3704 | D:5      | Found a white marble altar of Elyvilon.
  3704 | D:5      | Noticed Duvessa
  3704 | D:5      | Noticed Dowan
  3705 | D:5      | Slain by an ogre

Vanquished Creatures
  An ice beast (D:4)
  An ogre (D:5)
  A centaur (D:5)
  A hound (D:5)
  An orc priest (D:2)
  A jelly (D:5)
  An orc wizard (D:3)
  6 adders
  3 gnolls (D:2)
  4 worms (D:3)
  4 dart slugs
  11 orcs
  5 endoplasms
  2 giant cockroaches
  8 goblins
  3 hobgoblins
  3 jackals (D:1)
  4 quokkas
  5 ball pythons
  3 bats
  5 frilled lizards
  4 kobolds
  3 rats
80 creatures vanquished.

Vanquished Creatures (others)
  6 plants (D:3)
6 creatures vanquished.

Grand Total: 86 creatures vanquished

Table legend: (Time is in decaauts)
 A = Elapsed time spent in this place.
 B = Non-inter-level travel time spent in this place.
 C = Inter-level travel time spent in this place.
 D = Time resting spent in this place.
 E = Time spent auto-exploring this place.
 F = Levels seen in this place.
 G = Mean time per level.
                   A        B        C        D        E       F      G
               +--------+--------+--------+--------+--------+-----+--------+
         Total |   3804 |   3746 |     58 |    527 |   2267 |   5 |  760.8 |
       Dungeon |   3804 |   3746 |     58 |    527 |   2267 |   5 |  760.8 |
               +--------+--------+--------+--------+--------+-----+--------+

Top non-repeatable levels by time:
     D:3: 904 daAuts
     D:2: 861 daAuts
     D:4: 806 daAuts
     D:1: 746 daAuts
     D:5: 485 daAuts

Table legend:
 A = Non-vault XP
 B = Vault XP
 C = Vault XP percentage of total XP
 D = Non-vault monster count
 E = Vault monster count
 F = Vault count percentage of total count
                 A         B        C        D         E       F
            +---------+---------+-------+---------+---------+-------
      Total |     775 |       1 |   0.1 |      79 |       1 |   1.2
            +---------+---------+-------+---------+---------+-------
        D:1 |      39 |       0 |   0.0 |      22 |       0 |   0.0
        D:2 |     140 |       1 |   0.7 |      21 |       1 |   4.5
        D:3 |      86 |       0 |   0.0 |      18 |       0 |   0.0
        D:4 |     186 |       0 |   0.0 |      13 |       0 |   0.0
        D:5 |     324 |       0 |   0.0 |       5 |       0 |   0.0
            +---------+---------+-------+---------+---------+-------
